 Dungeon Crawl Stone Soup version 0.19.5 (webtiles) character file.

154 theAP the Skirmisher (level 5, -1/43 HPs)
             Began as a Formicid Fighter on Apr 16, 2017.
             Was a Follower of Nemelex Xobeh.
             Slain by a wyvern (8 damage)
             ... summoned by the player character
             ... on level 4 of the Dungeon.
             The game lasted 00:07:35 (2347 turns).

theAP the Skirmisher (Formicid Fighter)             Turns: 2347, Time: 00:07:39

Health: -1/43      AC:  6    Str: 26    XL:     5   Next: 63%
Magic:  5/5        EV:  8    Int:  8    God:    Nemelex Xobeh [*.....]
Gold:   108        SH: 10    Dex: 10    Spells: 0 memorised, 4 levels left

rFire  . . .     SeeInvis +     s - +0 scimitar
rCold  . . .     Gourm    .     b - +0 scale mail
rNeg   . . .     Faith    .     c - +0 shield
rPois  .         Spirit   .     (helmet unavailable)
rElec  .         Reflect  .     (no cloak)
rCorr  .         Harm     .     (no gloves)
MR     .....                    (no boots)
Stlth  ..........               (no amulet)
                                (no ring)
                                (no ring)

@: mighty
A: permanent stasis, dig shafts and tunnels, four strong arms, antennae 3,
talons 2, low mp 1
a: Dig, Shaft Self, Renounce Religion


You were on level 4 of the Dungeon.
You worshipped Nemelex Xobeh.
Nemelex Xobeh was aware of your devotion.
You were very hungry.

You visited 1 branch of the dungeon, and saw 4 of its levels.

You collected 108 gold pieces.

Inventory:

Hand Weapons
 a - a +0 long sword
 s - a +0 scimitar (weapon)
Armour
 b - a +0 scale mail (worn)
 c - a +0 shield (worn)
Scrolls
 h - 4 scrolls of recharging {unknown}
 i - a scroll of identify {unknown}
 l - 2 scrolls of fog {unknown}
 n - a scroll of enchant weapon {unknown}
 o - a scroll of noise {unknown}
 p - 2 scrolls of remove curse {unknown}
 r - a scroll of teleportation {unknown}
Potions
 d - a potion of might
 e - a potion of heal wounds {unknown}
 g - a potion of mutation
 j - a potion of degeneration {unknown}
 k - a potion of lignification {unknown}
Books
 t - a book of Cantrips

   Spells                             Type                      Level
   a - Confusing Touch                Hexes                        1
   b - Animate Skeleton               Necromancy                   1
   c - Summon Small Mammal            Summoning                    1
   d - Apportation                    Translocation                1
Miscellaneous
 q - a plain deck of summoning {drawn: 2}
Comestibles
 f - 2 bread rations
 u - 4 fruits
 v - a beef jerky


   Skills:
 + Level 4.5 Fighting
 * Level 4.0 Long Blades
 - Level 3.4 Armour
 - Level 3.7 Shields
 + Level 1.6 Invocations


You had 4 spell levels left.
You didn't know any spells.

Dungeon Overview and Level Annotations

Branches:
Dungeon (4/15)
 Temple: D:4-7

Altars:
Kikubaaqudgha
Nemelex Xobeh
Uskayaw


Innate Abilities, Weirdness & Mutations

You are under a permanent stasis effect.
You can dig through walls and to a lower floor.
Your four strong arms can wield two-handed weapons with a shield.
You have a pair of large antennae on your head. (SInv)
You have razor-sharp toenails.
Your magical capacity is low. (-10% MP)


Message History

A centaur skeleton comes into view.
Evoke which item? (* to show all) (? for menu, Esc to quit)
You draw a card...
It is Foxfire.
The orc priest hits you with a club.
* * * LOW HITPOINT WARNING * * *
You block the orc's attack. The phantom hits you.
* * * LOW HITPOINT WARNING * * *
The orc throws a tomahawk.
The tomahawk hits you.
* * * LOW HITPOINT WARNING * * *
An orc comes into view. It is wielding a club.
Quiver which item? (- for none, * to show all) (? for menu, Esc to quit)
Okay, then.
Evoke which item? (* to show all) (? for menu, Esc to quit)
Okay, then.
You block the orc priest's attack. The orc hits you but does no damage.
The orc throws a tomahawk.
You block the tomahawk. The phantom barely misses you.
Your wyvern bites the orc!!
The orc dies!
The wyvern bites you!
You die...
Your body disappears without a glow.

..# ... .#..
.Z...
####### .$.#
......#
#oo##..?....
#olW.ol..o..
#@l.....o
#l)....o.
#..l.....
#........
##.......
#.....#
#..### .##


You could see a phantom, a wyvern, 2 orc priests, 2 orc wizards, 3 orcs, a
leopard gecko, a centaur skeleton and 3 friendly wyverns.

Vanquished Creatures
  Jessica (D:3)
  4 adders
  5 worms
  2 dart slugs
  2 leopard geckos (D:3)
  2 orcs (D:3)
  A giant cockroach (D:3)
  4 goblins
  12 hobgoblins
  6 jackals
  3 quokkas
  4 ball pythons
  4 bats
  8 kobolds
  10 rats
68 creatures vanquished.

Vanquished Creatures (collateral kills)
  An orc (D:4)
1 creature vanquished.

Grand Total: 69 creatures vanquished

Notes
Turn   | Place    | Note
-------+----------+-------------------------------------------
     0 | D:1      | theAP the Formicid Fighter began the quest for the Orb.
     0 | D:1      | Reached XP level 1. HP: 18/18 MP: 1/1
   145 | D:1      | Reached XP level 2. HP: 24/24 MP: 2/2
   552 | D:2      | Reached XP level 3. HP: 30/30 MP: 3/3
   644 | D:2      | Gained mutation: You have sharp toenails. [potion of mutation]
   644 | D:2      | Gained mutation: Your magical capacity is low. (-10% MP) [potion of mutation]
   644 | D:2      | Gained mutation: You have razor-sharp toenails. [potion of mutation]
  1023 | D:2      | Reached XP level 4. HP: 37/37 MP: 3/3
  1064 | D:2      | Found a sparkling altar of Nemelex Xobeh.
  1067 | D:2      | Found an ancient bone altar of Kikubaaqudgha.
  1086 | D:2      | Found a hide-covered altar of Uskayaw.
  1099 | D:2      | Became a worshipper of Nemelex Xobeh the Trickster
  1285 | D:2      | Received a gift from Nemelex Xobeh
  1773 | D:3      | Reached skill level 1 in Invocations
  1773 | D:3      | Reached XP level 5. HP: 32/43 MP: 5/5
  1781 | D:3      | Noticed Jessica
  1786 | D:3      | Killed Jessica
  2027 | D:3      | Reached * piety under Nemelex Xobeh
  2337 | D:4      | Noticed a phantom
  2346 | D:4      | Noticed a wyvern
  2347 | D:4      | Slain by a wyvern

Skill      XL: |  1  2  3  4  5 |
---------------+----------------+-----
Fighting       | 4 |  4.5
Long Blades    | 3 4 |  4.0
Invocations    | 1 |  1.6
Armour         | |  3.4
Shields        | |  3.7

Action                   |  1- 3 |  4- 6 || total
-------------------------+-------+-------++-------
Melee: Long sword        |    93 |    56 ||   149
       Kick              |     2 |    29 ||    31
       Scimitar          |       |    64 ||    64
Evoke: Deck              |       |     2 ||     2
  Use: Potion            |     2 |     2 ||     4
  Eat: Chunk             |       |     4 ||     4
Armor: Scale mail        |    26 |    42 ||    68
Dodge: Dodged            |    19 |    36 ||    55
Block: Shield            |    50 |    75 ||   125
       Rpst.: Long sword |     8 |     6 ||    14
       Scimitar          |       |     7 ||     7
